 Dungeon Crawl Stone Soup version 0.20-a0-1122-gb7cbeb9 (webtiles) character file.

37 mopl the Stinger (level 3, 0/28 HPs)
             Began as a Naga Venom Mage on May 14, 2017.
             Slain by an adder (4 damage)
             ... on level 2 of the Dungeon.
             The game lasted 00:02:50 (1084 turns).

mopl the Stinger (Naga Venom Mage)                  Turns: 1084, Time: 00:02:51

Health: 0/28       AC:  2    Str: 10    XL:     3   Next: 41%
Magic:  0/6        EV: 10    Int: 16    God:
Gold:   35         SH:  0    Dex: 11    Spells: 0/6 levels left

rFire    . . .     SeeInvis +   e - +0 short sword
rCold    . . .     Gourm    .   (no shield)
rNeg     . . .     Faith    .   a - +0 robe
rPois    +         Spirit   .   (no helmet)
rElec    .         Reflect  .   (no cloak)
rCorr    .         Harm     .   (no gloves)
MR       .....                  (no barding)
Stlth    ++........             (no amulet)
Regen    0.1/turn               (no ring)
MPRegen  0.1/turn               (no ring)

@: very slow
A: see invisible, deformed body, poison resistance, slowness 2, slow metabolism
1, spit poison 1, AC +1
a: Spit Poison


You were on level 2 of the Dungeon.
You were not hungry.

You visited 1 branch of the dungeon, and saw 2 of its levels.

You collected 35 gold pieces.

Inventory:

Hand Weapons
 e - a +0 short sword (weapon)
Armour
 a - a +0 robe (worn)
Scrolls
 f - a scroll of identify {unknown}
 g - a scroll of amnesia
 j - a scroll of blinking {unknown}
Potions
 i - a potion of lignification {unknown}
Books
 b - a Young Poisoner's Handbook

   Spells                             Type                      Level
   a - Sting                          Conjuration/Poison           1
   b - Poisonous Vapours              Poison/Air                   2
   c - Mephitic Cloud                 Conjuration/Poison/Air       3
   d - Olgreb's Toxic Radiance        Poison                       4
   e - Venom Bolt                     Conjuration/Poison           5
Comestibles
 c - a bread ration


   Skills:
 - Level 1.5 Dodging
 - Level 3.0 Stealth
 + Level 2.1 Spellcasting
 * Level 2.1 Conjurations
 + Level 0.6 Air Magic
 * Level 4.8 Poison Magic


You couldn't memorise any spells.
You knew the following spells:

 Your Spells              Type           Power        Failure   Level  Hunger
a - Sting                 Conj/Pois      ##..         4%          1    #......
b - Poisonous Vapours     Pois/Air       ##....       10%         2    ###....
d - Mephitic Cloud        Conj/Pois/Air  #.......     22%         3    ###....


Dungeon Overview and Level Annotations

Branches:
Dungeon (2/15)

Altars:
Ru


Innate Abilities, Weirdness & Mutations

You cannot wear boots.
Your serpentine skin is tough. (AC +1)
You have supernaturally acute eyesight. (SInv)
Armour fits poorly on your strangely shaped body.
Your system is resistant to poisons. (rPois)
You cover ground very slowly.
You have a slow metabolism.
You can spit poison.


Message History

An adder comes into view.
You hit the worm.
The worm is lightly wounded.
The worm seems less confused.
The adder bites you. The worm closely misses you.
There is a stone staircase leading down here.
You see here an uncursed ring of teleportation.
The adder bites you. The worm barely misses you. The adder bites you.
* * * LOW HITPOINT WARNING * * *
Casting: Mephitic Cloud
Confirm with . or Enter, or press ? or * to list all spells.
Aiming: Poisonous Vapours
Press: ? - help, Dir - move target cursor, f/p - worm
Aim: a worm Poisonous vapours surround the worm!
The adder bites you.
* * * LOW HITPOINT WARNING * * *
Unknown command.
You closely miss the adder. The adder bites you.
You die...

#.......# #...#
#....)..# #.#w#.#
#.......# #.#.#w#
#..)....#
#..#.#.#.#
#########
#..#.#<#.#
..#.#.#.#
..#.#.#.#
####.#.###.# #
#@##.#.....#.#
#S##.#.......#
#w........####
#.##.#.†#..#
#.##.#.#.#.#######
#.....#...#..>....
#.##.#.....#.#####
#.##.#.≈≈≈.#.#
#....#≈...≈#.#


You could see a worm and an adder.

Vanquished Creatures
  An adder (D:2)
  A dart slug (D:1)
  6 giant cockroaches (D:1)
  4 goblins
  A hobgoblin (D:1)
  3 kobolds (D:1)
  A ball python (D:1)
  4 bats
  2 frilled lizards (D:1)
  3 rats
26 creatures vanquished.

Notes
Turn   | Place    | Note
-------+----------+-------------------------------------------
     0 | D:1      | mopl the Naga Venom Mage began the quest for the Orb.
     0 | D:1      | Reached XP level 1. HP: 15/15 MP: 3/3
   191 | D:1      | Reached XP level 2. HP: 18/22 MP: 0/5
   195 | D:1      | Learned a level 2 spell: Poisonous Vapours
   370 | D:1      | Reached skill level 2 in Conjurations
   618 | D:1      | Reached XP level 3. HP: 22/28 MP: 6/6
   623 | D:1      | Learned a level 3 spell: Mephitic Cloud
   893 | D:2      | Found a sacrificial altar of Ru.
  1084 | D:2      | Slain by an adder

Vault maps used:
D:1:      minmay_arrival_plants_in_alcoves, minmay_misc_feat_room,
          minmay_misc_feat_alley, serial_bayou_pond_b
D:2:      nicolae_ru_awakened_eye, lemuel_doored_altar, uniq_sigmund,
          uniq_jessica

Skill      XL: |  1  2 |
---------------+-------+-----
Conjurations   | 2 |  2.1
Dodging        | |  1.5
Stealth        | |  3.0
Spellcasting   | |  2.1
Air Magic      | |  0.6
Poison Magic   | |  4.8

Action                   || total
-------------------------++-------
Melee: Unarmed           ||     2
       Short sword       ||    41
 Cast: Sting             ||    22
       Poisonous Vapours ||     8
       Mephitic Cloud    ||     1
  Use: Scroll            ||     2
 Stab: Sleeping          ||     2
  Eat: Chunk             ||     1
Armor: Robe              ||     5
Dodge: Dodged            ||    40
